 Dungeon Crawl Stone Soup version 0.19.4 (webtiles) character file.

469 Minion the Cleaver (level 6, -5/51 HPs)
             Began as a Minotaur Fighter on Feb 4, 2017.
             Was an Initiate of Makhleb.
             Slain by an iguana (8 damage)
             ... on level 5 of the Dungeon.
             The game lasted 00:04:24 (3263 turns).

Minion the Cleaver (Minotaur Fighter)               Turns: 3263, Time: 00:04:25

Health: -5/51      AC: 11    Str: 21    XL:     6   Next: 82%
Magic:  5/5        EV:  9    Int:  5    God:    Makhleb [......]
Gold:   190        SH:  0    Dex: 11    Spells: 0 memorised, 5 levels left

rFire  . . .     SeeInvis .     a - +0 war axe
rCold  . . .     Gourm    .     b - +0 scale mail
rNeg   . . .     Faith    .     (no shield)
rPois  +         Spirit   .     (helmet restricted)
rElec  .         Reflect  .     k - +2 cloak
rCorr  .         Harm     .     l - +0 pair of gloves
MR     .....                    (no boots)
Stlth  ..........               (no amulet)
                                (no ring)
                                n - ring of poison resistance

@: no status effects
A: retaliatory headbutt, horns 2
a: Renounce Religion


You were on level 5 of the Dungeon.
You worshipped Makhleb.
Makhleb was noncommittal.
You were not hungry.

You visited 2 branches of the dungeon, and saw 6 of its levels.

You collected 190 gold pieces.

Inventory:

Hand Weapons
 a - a +0 war axe (weapon)
Armour
 b - a +0 scale mail (worn)
 k - a +2 cloak (worn)
 l - a +0 pair of gloves (worn)
Jewellery
 n - a ring of poison resistance (left hand)
 u - an uncursed ring of see invisible {unknown}
Scrolls
 c - 5 scrolls of identify {unknown}
 e - a scroll of magic mapping {unknown}
 g - a scroll of fog {unknown}
 h - a scroll of blinking {unknown}
 i - a scroll of enchant armour {unknown}
 j - a scroll of fear {unknown}
 q - a scroll of teleportation {unknown}
 y - a scroll of random uselessness {unknown}
Potions
 d - 2 potions of might
 m - a potion of flight {unknown}
 r - 2 potions of agility {unknown}
 t - a potion of haste {unknown}
 w - 2 potions of brilliance {unknown}
 x - a potion of magic {unknown}
 B - a potion of ambrosia {unknown}
 C - a potion of lignification {unknown}
Comestibles
 f - 2 bread rations
 o - a royal jelly
 p - a slice of pizza
 s - 3 fruits
 v - 4 meat rations
 z - 2 chunks of flesh
 A - a beef jerky


   Skills:
 - Level 3.6 Fighting
 + Level 9.0 Axes
 - Level 3.6 Armour
   Level 3.6 Shields


You had 5 spell levels left.
You didn't know any spells.

Dungeon Overview and Level Annotations

Branches:
Dungeon (5/15)             Temple (1/1) D:4

Altars:
Cheibriados
Elyvilon
Makhleb
Okawaru
Sif Muna
Vehumet
Xom
Zin
The Shining One


Innate Abilities, Weirdness & Mutations

You reflexively headbutt those who attack you in melee.
You have a pair of horns on your head.


Message History

You closely miss the iguana.
The iguana is moderately wounded.
You hit the centaur. The iguana barely misses you. The centaur hits you.
You slash the centaur!
The centaur is almost dead.
You hit the iguana. The centaur hits you. The iguana bites you!
The centaur hits you!
* * * LOW HITPOINT WARNING * * *
You are too injured to fight recklessly!
You slash the centaur!
You kill the centaur!
Makhleb accepts your kill.
Your Axes skill increases to level 9!
You barely miss the iguana. The iguana completely misses you.
The iguana bites you.
* * * LOW HITPOINT WARNING * * *
You hit the iguana. Your headbutt misses the iguana.
The iguana is severely wounded.
The iguana bites you!
You die...

.. ..... .# .. ......
#######.##.##........
#..........##........
#..........###.......
#..........##........
#...)................
#...@l.....##........
#....(.†..(##........
#.....(....##.(......
#.......>$.###.......
#....(.(...# ##......
######(###.####......
#..# #.##.....#..
##.## #.##..###...
#..# #.#### #.##


You could see an iguana.

Vanquished Creatures
  An ogre (D:4)
  A sky beast (D:5)
  A centaur (D:5)
  A scorpion (D:5)
  A crimson imp (D:5)
  2 worker ants
  A gnoll (D:1)
  2 adders
  2 dart slugs
  A leopard gecko (D:4)
  4 orcs (D:4)
  4 bats
  A giant cockroach (D:1)
  7 goblins
  10 hobgoblins
  4 jackals (D:4)
  3 kobolds
  A quokka (D:3)
  4 frilled lizards
  8 rats
59 creatures vanquished.

Notes
Turn   | Place    | Note
-------+----------+-------------------------------------------
     0 | D:1      | Minion the Minotaur Fighter began the quest for the Orb.
     0 | D:1      | Reached XP level 1. HP: 19/19 MP: 0/0
    86 | D:1      | Reached skill level 3 in Axes
   200 | D:1      | Reached XP level 2. HP: 20/26 MP: 1/1
   408 | D:1      | Reached skill level 4 in Axes
   408 | D:1      | Reached XP level 3. HP: 27/31 MP: 2/2
  1127 | D:2      | Found a snail-covered altar of Cheibriados.
  1948 | D:3      | Reached skill level 5 in Axes
  2107 | D:3      | Reached XP level 4. HP: 32/39 MP: 3/3
  2628 | D:4      | Noticed an ogre
  2628 | D:4      | Found a staircase to the Ecumenical Temple.
  2632 | D:4      | Killed an ogre
  2632 | D:4      | Reached skill level 6 in Axes
  2632 | D:4      | Reached XP level 5. HP: 30/45 MP: 4/4
  2638 | Temple   | Entered the Ecumenical Temple
  2676 | Temple   | Became a worshipper of Makhleb the Destroyer
  2857 | D:4      | Reached skill level 7 in Axes
  3125 | D:5      | Entered Level 5 of the Dungeon
  3128 | D:5      | Noticed a sky beast
  3145 | D:5      | Killed a sky beast
  3145 | D:5      | Reached XP level 6. HP: 45/51 MP: 5/5
  3161 | D:5      | Found an iron altar of Okawaru.
  3242 | D:5      | Reached skill level 8 in Axes
  3262 | D:5      | Reached skill level 9 in Axes
  3263 | D:5      | Slain by an iguana

Skill      XL: |  1  2  3  4  5  6 |
---------------+-------------------+-----
Axes           | 3 4 5 6 7 9 |  9.0
Fighting       | |  3.6
Armour         | |  3.6
Shields        | |  3.6

Action                   |  1- 3 |  4- 6 || total
-------------------------+-------+-------++-------
Melee: War axe           |    67 |    64 ||   131
       Headbutt          |    11 |     7 ||    18
  Eat: Chunk             |     4 |     3 ||     7
Armor: Scale mail        |    31 |    33 ||    64
Dodge: Dodged            |    25 |    36 ||    61
